2459 views
Uploaded 2021-05-08 06:57:57
Game version 1.32.10
45:22 long 1on1 ladder game on (2)EchoIsles
Saved by xzz
2459 views
Uploaded 2021-05-08 06:57:57
Game version 1.32.10
45:22 long 1on1 ladder game on (2)EchoIsles

43 units @ 5k
/ 0.5k
68 buildings @ 8.5k
/ 5.3k

x2)
| Healing Salve | 10 | 1000 |
| Scroll of Speed | 6 | 300 |
| Lesser Clarity Potion | 1 | 70 |
| Potion of Mana | 2 | 400 |
| Potion of Healing | 1 | 150 |
| Orb of Lightning | 1 | 375 |
| Boots of Speed | 1 | 250 |
| Tome of Retraining | 3 | 900 |
| Gloves of Haste | 3 | 375 |
| Claws of Attack +9 | 2 | 600 |
| Claws of Attack +6 | 1 | 125 |
| total: | 31 | 4545g |
| Peon | 26 | 1950 | / | 0 |
| Grunt | 2 | 400 | / | 0 |
| Troll Headhunter | 3 | 420 | / | 60 |
| Demolisher | 1 | 220 | / | 50 |
| Raider | 10 | 1800 | / | 400 |
| Forest Troll Shadow Priest | 1 | 195 | / | 10 |
| total: | 43 | 4985g | / | 520w |
| Watch Tower | 53 | 5830 | / | 4240 |
| Altar of Storms | 1 | 180 | / | 50 |
| Orc Burrow | 5 | 800 | / | 200 |
| Barracks | 1 | 180 | / | 50 |
| Voodoo Lounge | 1 | 130 | / | 30 |
| War Mill | 2 | 410 | / | 0 |
| Great Hall | 1 | 385 | / | 185 |
| Beastiary | 4 | 580 | / | 560 |
| Stronghold | 1 | 315 | / | 190 |
| Fortress | 1 | 325 | / | 190 |
| total: | 68 | 8495g | / | 5315w |
| 0:05 | Altar of Storms |
| 0:09 | Orc Burrow |
| 0:11 | Peon |
| 0:11 | Peon |
| 0:52 | Barracks |
| 0:55 | Peon |
| 1:19 | Peon |
| 1:24 | Orc Burrow |
| 1:35 | Peon |
| 1:55 | Voodoo Lounge |
| 1:59 | Grunt |
| 2:19 | War Mill |
| 2:26 | Feral Spirit |
| 2:38 | Peon |
| 2:47 | Grunt |
| 3:30 | Peon |
| 3:32 | Troll Headhunter |
| 3:49 | Peon |
| 3:50 | Peon |
| 3:57 | Healing Salve |
| 4:14 | Watch Tower |
| 4:15 | Watch Tower |
| 4:16 | Watch Tower |
| 4:23 | Troll Headhunter |
| 4:39 | Peon |
| 5:08 | Stronghold |
| 5:27 | Orc Burrow |
| 5:36 | Watch Tower |
| 5:48 | Chain Lighting |
| 5:54 | Boots of Speed |
| 6:08 | Troll Headhunter |
| 6:12 | Watch Tower |
| 6:51 | Feral Spirit |
| 7:06 | Forest Troll Shadow Priest |
| 7:30 | Healing Salve |
| 7:35 | Scroll of Speed |
| 7:54 | Healing Salve |
| 8:04 | Demolisher |
| 8:07 | Reinforced Defenses |
| 8:10 | Watch Tower |
| 8:15 | Watch Tower |
| 8:56 | Beastiary |
| 8:58 | Peon |
| 8:58 | Peon |
| 9:20 | Peon |
| 9:44 | Peon |
| 9:45 | Peon |
| 9:51 | Beastiary |
| 9:56 | Watch Tower |
| 10:08 | Healing Salve |
| 10:17 | Lesser Clarity Potion |
| 10:18 | Scroll of Speed |
| 10:26 | Watch Tower |
| 10:33 | Orc Burrow |
| 10:47 | Orc Burrow |
| 10:49 | Spiked Barricades |
| 10:56 | Peon |
| 11:46 | Potion of Mana |
| 12:12 | Potion of Mana |
| 12:12 | Potion of Healing |
| 12:31 | Raider |
| 12:37 | Beastiary |
| 12:40 | Peon |
| 12:40 | Peon |
| 12:42 | Steel Armor |
| 12:42 | Steel Melee Weapons |
| 12:45 | Pillage |
| 12:52 | Watch Tower |
| 13:03 | Watch Tower |
| 13:03 | Watch Tower |
| 13:03 | Watch Tower |
| 13:04 | Watch Tower |
| 13:05 | Watch Tower |
| 13:14 | Raider |
| 13:15 | Raider |
| 13:47 | Raider |
| 13:51 | Raider |
| 13:54 | Scroll of Speed |
| 14:04 | Beastiary |
| 14:36 | Raider |
| 14:39 | Watch Tower |
| 14:40 | Watch Tower |
| 14:40 | Watch Tower |
| 15:57 | Raider |
| 16:09 | Ensnare |
| 16:11 | Raider |
| 16:59 | Healing Salve |
| 16:59 | Healing Salve |
| 17:08 | Chain Lighting |
| 17:09 | Scroll of Speed |
| 17:24 | Watch Tower |
| 17:24 | Watch Tower |
| 17:24 | Watch Tower |
| 17:24 | Watch Tower |
| 17:25 | Watch Tower |
| 17:25 | Watch Tower |
| 17:26 | Watch Tower |
| 18:42 | Watch Tower |
| 18:43 | Watch Tower |
| 18:45 | Watch Tower |
| 18:50 | Peon |
| 18:50 | Peon |
| 18:50 | Peon |
| 18:54 | Raider |
| 19:02 | Healing Salve |
| 19:02 | Healing Salve |
| 19:14 | Scroll of Speed |
| 21:00 | Watch Tower |
| 21:01 | Watch Tower |
| 21:01 | Watch Tower |
| 21:02 | Watch Tower |
| 21:03 | Watch Tower |
| 21:15 | Raider |
| 21:23 | Healing Salve |
| 21:24 | Scroll of Speed |
| 21:32 | Healing Salve |
| 21:55 | Improved Spiked Barricades |
| 22:59 | Peon |
| 22:59 | Peon |
| 22:59 | Peon |
| 22:59 | Peon |
| 23:01 | Peon |
| 23:59 | Great Hall |
| 24:41 | Watch Tower |
| 25:28 | Chain Lighting |
| 25:47 | Watch Tower |
| 25:48 | Watch Tower |
| 25:59 | War Mill |
| 26:18 | Watch Tower |
| 26:36 | Watch Tower |
| 26:48 | Watch Tower |
| 28:45 | Thorium Armor |
| 28:46 | Thorium Melee Weapons |
| 31:14 | Watch Tower |
| 31:14 | Watch Tower |
| 31:15 | Watch Tower |
| 31:17 | Watch Tower |
| 31:17 | Watch Tower |
| 31:18 | Watch Tower |
| 31:18 | Watch Tower |
| 31:19 | Watch Tower |
| 31:21 | Watch Tower |
| 31:22 | Watch Tower |
| 31:25 | Watch Tower |
| 31:26 | Watch Tower |
| 31:26 | Watch Tower |
| 31:27 | Watch Tower |
| 31:31 | Gloves of Haste |
| 31:33 | Claws of Attack +9 |
| 31:34 | Claws of Attack +6 |
| 31:55 | Fortress |
| 34:24 | Claws of Attack +9 |
| 34:28 | Gloves of Haste |
| 34:47 | Orb of Lightning |
| 37:17 | Arcanite Armor |
| 37:17 | Arcanite Melee Weapons |
| 38:26 | Steel Ranged Weapons |
| 38:35 | Gloves of Haste |
| 39:24 | Tome of Retraining |
| 39:24 | Retrain Hero |
| 40:23 | Far Sight |
| 40:24 | Far Sight |
| 42:04 | Tome of Retraining |
| 42:25 | Liquid Fire |
| 42:33 | Troll Regeneration |
| 44:18 | Tome of Retraining |
| 44:18 | Retrain Hero |
| 44:22 | Far Sight |
| 44:45 | Far Sight |
| 44:45 | Far Sight |
| 44:48 | Chain Lighting |
| Right click | 1300 |
| Select | 551 |
| Build/train/purchase | 163 |
| Select group | 119 |
| Use ability | 67 |
| Assign group | 35 |
| Misc. action | 29 |
| Esc | 12 |
| Item give/drop | 9 |
| Chat | 9 |
| Remove unit | 6 |
24 units @ 3.3k
/ 0.2k
28 buildings @ 3.1k
/ 1.5k


| Scroll of Regeneration | 2 | 200 |
| total: | 2 | 200g |
| Peasant | 8 | 600 | / | 0 |
| Footman | 6 | 810 | / | 0 |
| Rifleman | 4 | 820 | / | 120 |
| Spell Breaker | 3 | 645 | / | 90 |
| Priest | 3 | 405 | / | 30 |
| total: | 24 | 3280g | / | 240w |
| Scout Tower | 7 | 210 | / | 140 |
| Guard Tower | 7 | 490 | / | 350 |
| Altar of Kings | 1 | 180 | / | 50 |
| Barracks | 1 | 160 | / | 60 |
| Farm | 9 | 720 | / | 180 |
| Blacksmith | 1 | 140 | / | 60 |
| Arcane Vault | 2 | 260 | / | 60 |
| Lumber Mill | 1 | 120 | / | 0 |
| Town Hall | 2 | 770 | / | 410 |
| Arcane Sanctum | 3 | 450 | / | 420 |
| Gryphon Aviary | 1 | 140 | / | 150 |
| Keep | 2 | 640 | / | 420 |
| Castle | 1 | 360 | / | 210 |
| total: | 28 | 3150g | / | 1530w |
| 0:02 | Peasant |
| 0:02 | Peasant |
| 0:03 | Peasant |
| 0:06 | Altar of Kings |
| 0:21 | Barracks |
| 0:23 | Peasant |
| 0:36 | Farm |
| 0:42 | Peasant |
| 0:50 | Peasant |
| 1:05 | Farm |
| 1:29 | Footman |
| 1:29 | Footman |
| 1:35 | Farm |
| 1:46 | Footman |
| 1:53 | Peasant |
| 2:01 | Peasant |
| 2:14 | Footman |
| 2:16 | Summon Water Elemental |
| 2:31 | Footman |
| 2:42 | Footman |
| 3:01 | Defend |
| 3:26 | Keep |
| 3:37 | Brilliance Aura |
| 3:53 | Blacksmith |
| 4:39 | Farm |
| 4:46 | Arcane Vault |
| 4:57 | Farm |
| 5:02 | Scout Tower |
| 5:20 | Rifleman |
| 5:20 | Rifleman |
| 5:38 | Farm |
| 5:39 | Rifleman |
| 5:39 | Rifleman |
| 5:53 | Scroll of Regeneration |
| 6:48 | Arcane Sanctum |
| 7:34 | Summon Water Elemental |
| 7:56 | Long Rifles |
| 7:57 | Scroll of Regeneration |
| 7:59 | Holy Light |
| 8:05 | Farm |
| 8:07 | Spell Breaker |
| 8:13 | Lumber Mill |
| 8:54 | Farm |
| 8:57 | Priest |
| 8:57 | Priest |
| 8:57 | Priest |
| 9:01 | Black Gunpowder |
| 9:18 | Guard Tower |
| 9:20 | Iron Plating |
| 9:52 | Control Magic |
| 10:10 | Refined Gunpowder |
| 10:49 | Divine Shield |
| 11:05 | Steel Plating |
| 11:50 | Brilliance Aura |
| 12:29 | Town Hall |
| 12:31 | Scout Tower |
| 12:34 | Scout Tower |
| 12:36 | Scout Tower |
| 12:38 | Spell Breaker |
| 12:38 | Spell Breaker |
| 12:58 | Guard Tower |
| 13:00 | Scout Tower |
| 13:11 | Scout Tower |
| 13:14 | Scout Tower |
| 13:15 | Guard Tower |
| 13:16 | Guard Tower |
| 13:34 | Guard Tower |
| 13:42 | Guard Tower |
| 13:45 | Guard Tower |
| 14:41 | Iron Forged Swords |
| 14:45 | Castle |
| 15:01 | Holy Light |
| 17:02 | Arcane Sanctum |
| 17:09 | Arcane Sanctum |
| 17:20 | Animal War Training |
| 17:28 | Gryphon Aviary |
| 17:45 | Improved Lumber Harvesting |
| 18:22 | Keep |
| 19:06 | Farm |
| 19:45 | Arcane Vault |
| 20:12 | Town Hall |
| Right click | 290 |
| Select | 200 |
| Build/train/purchase | 79 |
| Select group | 42 |
| Use ability | 17 |
| Misc. action | 7 |
| Assign group | 6 |